 Dungeon Crawl Stone Soup version 0.21-a0-135-g8dc100c (webtiles) character file.

20256 grindst0ne the Dealer of Despair (level 12, -1/111 HPs)
             Began as a Hill Orc Necromancer on July 17, 2017.
             Was an Elder of Kikubaaqudgha.
             Slain by an eight-headed hydra (4 damage)
             ... on level 4 of the Lair of Beasts.
             The game lasted 01:06:07 (15264 turns).

grindst0ne the Dealer of Despair (HONe)            Turns: 15264, Time: 01:06:08

Health: -1/111     AC: 12    Str:  7    XL:     12   Next: 77%
Magic:  29/30      EV:  2    Int: 24    God:    Kikubaaqudgha [****..]
Gold:   1244       SH:  0    Dex: 11    Spells: 2/23 levels left

rFire    + . .     SeeInvis +   y - +8 long sword "Noulegoc" {flame, Fragile rF+ rC+}
rCold    + . .     Gourm    .   x - +2 buckler
rNeg     + + +     Faith    .   l - +2 ring mail of Kindness {Str-5 Int+5}
rPois    ∞         Spirit   .   (no helmet)
rElec    .         Reflect  .   (no cloak)
rCorr    .         Harm     .   (no gloves)
MR       .....                  (no boots)
Stlth    +.........             (no amulet)
HPRegen  0.28/turn              D - ring of magical power
MPRegen  0.22/turn              U - +4 ring of protection

@: petrified, very slightly contaminated, invisible
A: see invisible, mutation resistance 1, robust 1
a: Receive Corpses, Renounce Religion


You were on level 4 of the Lair of Beasts.
You worshipped Kikubaaqudgha.
Kikubaaqudgha was greatly pleased with you.
You were hungry.

You visited 3 branches of the dungeon, and saw 15 of its levels.
You also visited: Ossuary and Ice Cave.

You collected 1244 gold pieces.

Inventory:

Hand Weapons
 d - a +5 hand axe
 y - the +8 long sword "Noulegoc" (weapon) {flame, Fragile rF+ rC+}
   (You found it on level 4 of the Dungeon)

   It has been specially enchanted to burn those struck by it, causing extra
   injury to most foes and up to half again as much damage against particularly
   susceptible opponents.
   Big, fiery blades are also staple armaments of hydra-hunters.
   It protects you from fire.
   It protects you from cold.
   It will be destroyed if unequipped.
Missiles
 N - 2 throwing nets (quivered)
Armour
 l - the +2 ring mail of Kindness (worn) {Str-5 Int+5}
   (You found it on level 2 of the Lair of Beasts)

   It affects your strength (-5).
   It affects your intelligence (+5).
 x - a +2 buckler (worn)
 J - a +1 leather armour of fire resistance
Jewellery
 D - a ring of magical power (left hand)
 M - an uncursed ring of resist corrosion
 U - a +4 ring of protection (right hand)
Wands
 m - a wand of digging (8/24)
 p - a wand of clouds (0/9)
 C - a wand of lightning (6/15)
 P - a wand of iceblast (6/15)
 Q - a wand of flame (19/48)
 V - a wand of confusion (22/48)
Scrolls
 e - 2 scrolls of amnesia
 g - 5 scrolls of enchant weapon
 i - 3 scrolls of fog
 k - 2 scrolls of blinking
 n - 2 scrolls of magic mapping
 o - 6 scrolls of remove curse
 u - a scroll of enchant armour
 H - 3 scrolls of immolation
 I - a scroll of noise
 R - 3 scrolls of random uselessness {unknown}
 T - a scroll of brand weapon {unknown}
 X - 2 scrolls of teleportation
Potions
 a - 2 potions of berserk rage
 h - 11 potions of curing
 q - 4 potions of flight
 s - 4 potions of mutation
 v - 3 potions of magic
 w - 3 potions of heal wounds
 z - 4 potions of might
 B - 3 potions of brilliance
 E - 4 potions of ambrosia
 L - 2 potions of agility
 S - a potion of cancellation
 W - a potion of haste
 Z - a potion of lignification
Books
 b - a book of Maledictions

   Spells                             Type                      Level
   a - Corona                         Hexes                        1
   b - Ensorcelled Hibernation        Hexes/Ice                    2
   c - Confuse                        Hexes                        3
   d - Tukima's Dance                 Hexes                        3
   e - Dazzling Spray                 Conjuration/Hexes            3
 F - Kikubaaqudgha's Tome of Necromancy
   (Kikubaaqudgha gifted it to you on level 5 of the Dungeon)

   Spells                             Type                      Level
   a - Animate Skeleton               Necromancy                   1
   b - Corpse Rot                     Necromancy                   2
   c - Sublimation of Blood           Necromancy                   2
   d - Vampiric Draining              Necromancy                   3
   e - Control Undead                 Necromancy                   4
 K - Kikubaaqudgha's Almanac of Sinister Rituals
   (Kikubaaqudgha gifted it to you on level 7 of the Dungeon)

   Spells                             Type                      Level
   a - Animate Dead                   Necromancy                   4
   b - Excruciating Wounds            Charms/Necromancy            5
   c - Agony                          Necromancy                   5
   d - Dispel Undead                  Necromancy                   5
   e - Death Channel                  Necromancy                   6
Miscellaneous
 O - a box of beasts
Comestibles
 c - 6 bread rations
 f - 3 royal jellies
 j - 32 chunks of flesh
 r - 7 meat rations
 t - 45 fruits


   Skills:
 - Level 8.1 Fighting
 + Level 8.5 Armour
 - Level 1.5 Dodging
 - Level 1.5 Stealth
 - Level 4.0 Shields
 - Level 6.0 Spellcasting
 + Level 14.4 Necromancy
 - Level 7.0 Evocations


You had 2 spell levels left.
You knew the following spells:

 Your Spells              Type           Power        Failure   Level  Hunger
a - Pain                  Necr           ####         1%          1    None
b - Animate Skeleton      Necr           N/A          1%          1    None
c - Vampiric Draining     Necr           ######....   1%          3    #......
d - Animate Dead          Necr           N/A          1%          4    ###....
e - Control Undead        Necr           ######....   1%          4    ###....
f - Regeneration          Chrm/Necr      #####.....   3%          3    #......
g - Agony                 Necr           ######..     1%          5    #####..


Dungeon Overview and Level Annotations

Branches:
Dungeon (10/15)            Temple (1/1) D:4            Lair (4/6) D:8
 Shoals (0/4) Lair:2       Spider (0/4) Lair:4
    Orc: D:9-12

Altars:
Cheibriados
Kikubaaqudgha
Nemelex Xobeh
Qazlal
Ru
Sif Muna
Trog
Xom

Shops:
D:4 (

Annotations:
Lair:3 exclusion: 2 downstairs
Lair:4 Harold, Kirke


Innate Abilities, Weirdness & Mutations

You have supernaturally acute eyesight. (SInv)
You are somewhat resistant to further mutation.
You are robust. (+10% HP)


Message History

The eight-headed hydra bites you!
* * * LOW HITPOINT WARNING * * *
The eight-headed hydra bites you!
* * * LOW HITPOINT WARNING * * *
The eight-headed hydra bites you!
* * * LOW HITPOINT WARNING * * *
The eight-headed hydra bites you but does no damage.
The eight-headed hydra bites you!
* * * LOW HITPOINT WARNING * * *
The eight-headed hydra bites you!
* * * LOW HITPOINT WARNING * * *
The eight-headed hydra bites you!
* * * LOW HITPOINT WARNING * * *
The eight-headed hydra bites you but does no damage. x2
The eight-headed hydra completely misses you.
The eight-headed hydra bites you!
* * * LOW HITPOINT WARNING * * *
The eight-headed hydra bites you. The eight-headed hydra bites you!
You die...
Kikubaaqudgha rasps: "You have failed me!
Welcome... oblivion!"

P....P##
##########.####...#
.....## ###**...##
..#...#* *...## Z.####.#
#...# Z######### *#..##
.###.###.## *...**
......#.#.###### **,*,*
*** ....+........#.####
*,+,****,*
.....###..##...Z@D##
*,,,,,,,,, ....##
#####.####H%#####,,,,,,,,,
.....# ###
##.....#,,,,,,,,, ....##
#.†...+,,,,,,,,, ....#
####..[...,,,,,, #####
*###....,,,,, # **.##**,*,
**# ****


You could see an eight-headed hydra, a hippogriff and a friendly six-headed
hydra zombie.

Vanquished Creatures
  A hydra (Lair:2)
  Erica (D:10)
  4 two-headed ogres
  An ugly thing (IceCv)
  A merfolk siren (Lair:2)
  A spiny frog (Lair:1)
  3 rime drakes (Lair:4)
  Grinder (D:4)
  A hornet (D:9)
  7 hippogriffs
  A redback (Lair:4)
  3 wyverns
  10 yaks
  2 basilisks (Lair:4)
  2 hogs (Lair:3)
  5 water moccasins
  6 porcupines
  An ice beast (IceCv)
  2 orc warriors
  2 sky beasts
  2 black bears (D:7)
  4 ogres
  6 wolves
  2 crocodiles
  3 centaurs
  A big kobold (D:9)
  9 bullfrogs
  A scorpion (D:10)
  4 wights (D:6)
  A crimson imp (D:10)
  A bullfrog zombie (D:8)
  A quasit (D:8)
  A bullfrog skeleton (D:8)
  2 orc priests
  2 centaur skeletons
  4 iguanas
  Jessica (D:2)
  7 worker ants
  10 orc wizards
  8 mummies (Ossuary)
  A howler monkey zombie (D:7)
  A worker ant zombie (D:6)
  12 adders
  7 gnolls
  2 shadow imps
  7 white imps (Lair:4)
  2 oozes
  3 worms
  A dart slug (D:3)
  5 leopard geckos
  55 orcs
  6 giant cockroaches
  2 goblins (D:1)
  7 hobgoblins
  22 jackals
  2 quokkas
  4 bats
  4 frilled lizards
  A giant cockroach zombie (D:6)
  A gnoll zombie (Ossuary)
  2 hobgoblin zombies (Ossuary)
  8 kobolds
  A kobold zombie (Ossuary)
  4 orc zombies (Ossuary)
  6 rats
  A fungus (Lair:4)
292 creatures vanquished.

Vanquished Creatures (collateral kills)
  3 hydras
  Nergalle (Lair:3)
  An oklob plant (Lair:1)
  An ugly thing (IceCv)
  2 ice statues (IceCv)
  5 spiny frogs
  2 komodo dragons
  3 hippogriffs
  2 wyverns (Lair:4)
  6 yaks
  4 basilisks (Lair:4)
  A hog (Lair:3)
  A hungry ghost (D:8)
  A water moccasin (Lair:1)
  5 porcupines
  6 ice beasts
  An eye of draining (D:8)
  3 wolves
  2 crocodiles
  A bullfrog (Lair:4)
  A worker ant zombie (D:7)
  5 white imps (Lair:4)
  3 giant cockroaches
  A jackal (D:3)
  3 rats
  A fungus (Lair:3)
  A plant (Lair:1)
66 creatures vanquished.

Vanquished Creatures (others)
  3 fungi
  2 plants
5 creatures vanquished.

Grand Total: 363 creatures vanquished

Notes
Turn   | Place    | Note
-------+----------+-------------------------------------------
     0 | D:1      | grindst0ne the Hill Orc Necromancer began the quest for the Orb.
     0 | D:1      | Reached XP level 1. HP: 14/14 MP: 3/3
   134 | D:1      | Reached skill level 1 in Fighting
   192 | D:1      | Reached XP level 2. HP: 6/23 MP: 1/4
   463 | D:1      | Learned a level 1 spell: Animate Skeleton
  1347 | D:1      | Reached XP level 3. HP: 26/30 MP: 1/5
  1352 | D:1      | Learned a level 3 spell: Vampiric Draining
  2045 | D:2      | Noticed Jessica
  2099 | D:2      | Killed Jessica
  2099 | D:2      | Reached XP level 4. HP: 31/38 MP: 0/6
  2522 | D:2      | Reached skill level 5 in Necromancy
  2722 | D:2      | Gained mutation: You have supernaturally acute eyesight. (SInv) [potion of mutation]
  2722 | D:2      | Gained mutation: You are robust. (+10% HP) [potion of mutation]
  2722 | D:2      | Gained mutation: You are somewhat resistant to further mutation. [potion of mutation]
  2733 | D:2      | Reached XP level 5. HP: 4/50 MP: 5/7
  3852 | D:3      | Found a snail-covered altar of Cheibriados.
  3909 | D:3      | Reached XP level 6. HP: 56/58 MP: 5/8
  4099 | D:4      | Reached skill level 5 in Fighting
  4133 | D:4      | Found Cuuniorgh's Antique Weapon Boutique.
  4150 | D:4      | Noticed Grinder
  4157 | D:4      | Killed Grinder
  4157 | D:4      | Reached skill level 6 in Necromancy
  4157 | D:4      | Reached XP level 7. HP: 57/69 MP: 9/9
  4628 | D:4      | Found a staircase to the Ecumenical Temple.
  4640 | Temple   | Entered the Ecumenical Temple
  4649 | Temple   | Became a worshipper of Kikubaaqudgha
  4699 | D:4      | Got a crude long sword
  4705 | D:4      | Identified the +8 long sword "Noulegoc" {flame, Fragile rF+ rC+} (You found it on level 4 of the Dungeon)
  4948 | D:4      | Reached skill level 1 in Shields
  5039 | D:5      | Entered Level 5 of the Dungeon
  5049 | D:5      | Learned a level 4 spell: Animate Dead
  5716 | D:5      | Reached skill level 7 in Necromancy
  5716 | D:5      | Reached XP level 8. HP: 45/80 MP: 9/10
  5809 | D:5      | Reached * piety under Kikubaaqudgha
  5809 | D:5      | Identified Kikubaaqudgha's Tome of Necromancy (Kikubaaqudgha gifted it to you on level 5 of the Dungeon)
  5809 | D:5      | Received a gift from Kikubaaqudgha
  6076 | D:6      | Found a stormy altar of Qazlal.
  6076 | D:6      | Found a sand-covered staircase.
  6076 | D:6      | Found a shimmering altar of Xom.
  6124 | Ossuary  | Entered an ossuary
  6920 | D:6      | Reached skill level 8 in Necromancy
  7237 | D:6      | Reached ** piety under Kikubaaqudgha
  7636 | D:7      | Reached XP level 9. HP: 80/89 MP: 13/13
  7654 | D:7      | Found a deep blue altar of Sif Muna.
  7716 | D:7      | You fall through a shaft for 3 floors!
  7716 | D:10     | Entered Level 10 of the Dungeon
  7841 | D:10     | Learned a level 4 spell: Control Undead
  7871 | D:10     | Noticed a two-headed ogre
  7883 | D:10     | Killed a two-headed ogre
  7883 | D:10     | Reached skill level 9 in Necromancy
  7887 | D:10     | Noticed Erica
  7901 | D:10     | Killed Erica
  8060 | D:8      | Learned a level 3 spell: Regeneration
  8121 | D:8      | Found a staircase to the Lair.
  8218 | D:8      | Noticed a two-headed ogre
  8228 | D:8      | Killed a two-headed ogre
  8228 | D:8      | Reached skill level 5 in Spellcasting
  8228 | D:8      | Reached skill level 10 in Necromancy
  8228 | D:8      | Reached XP level 10. HP: 50/96 MP: 12/18
  8935 | D:7      | Reached *** piety under Kikubaaqudgha
  8935 | D:7      | Identified Kikubaaqudgha's Almanac of Sinister Rituals (Kikubaaqudgha gifted it to you on level 7 of the Dungeon)
  8935 | D:7      | Received a gift from Kikubaaqudgha
  9010 | D:7      | Learned a level 5 spell: Agony
  9395 | D:8      | Noticed a two-headed ogre
  9402 | D:8      | Killed a two-headed ogre
  9402 | D:8      | Reached skill level 11 in Necromancy
  9654 | D:9      | Paralysed by a hornet for 2 turns
  9798 | D:9      | Found a stormy altar of Qazlal.
 10192 | D:10     | Noticed a two-headed ogre
 10198 | D:10     | Killed a two-headed ogre
 10198 | D:10     | Reached skill level 5 in Evocations
 10198 | D:10     | Reached XP level 11. HP: 65/103 MP: 8/20
 10519 | D:10     | Reached **** piety under Kikubaaqudgha
 10895 | Lair:1   | Entered Level 1 of the Lair of Beasts
 10933 | Lair:1   | Found a sparkling altar of Nemelex Xobeh.
 10934 | Lair:1   | Noticed an oklob plant
 10977 | Lair:1   | Killed an oklob plant
 11030 | Lair:1   | Reached skill level 12 in Necromancy
 11995 | Lair:2   | Noticed an eight-headed hydra
 12008 | Lair:2   | Killed an eight-headed hydra
 12301 | Lair:2   | Found a staircase to the Shoals.
 12320 | Lair:2   | Reached skill level 1 in Armour
 12469 | Lair:2   | Noticed a six-headed hydra
 12475 | Lair:2   | HP: 5/103 [six-headed hydra (11)]
 12476 | Lair:2   | Killed a six-headed hydra
 12502 | Lair:2   | Got an ichor-stained ring mail
 12513 | Lair:2   | Identified the +2 ring mail of Kindness {Str-5 Int+5} (You found it on level 2 of the Lair of Beasts)
 13076 | Lair:3   | Noticed Nergalle
 13083 | Lair:3   | Killed Nergalle
 13083 | Lair:3   | Reached skill level 13 in Necromancy
 13230 | Lair:3   | Noticed a four-headed hydra
 13237 | Lair:3   | Killed a four-headed hydra
 13290 | Lair:3   | Reached XP level 12. HP: 22/111 MP: 21/21
 13687 | Lair:3   | Reached skill level 5 in Armour
 14443 | Lair:4   | Noticed Kirke
 14511 | Lair:4   | Noticed Harold
 14616 | Lair:4   | Found a frozen archway.
 14624 | Lair:4   | Identified the Compendium of Doomed Earth
 14647 | IceCv    | Entered an ice cave
 14665 | IceCv    | Found a transporter.
 15097 | Lair:4   | Noticed a seven-headed hydra
 15110 | Lair:4   | Killed a seven-headed hydra
 15114 | Lair:4   | Reached skill level 14 in Necromancy
 15240 | Lair:4   | Noticed an eight-headed hydra
 15263 | Lair:4   | HP: 5/111 [eight-headed hydra (5)]
 15263 | Lair:4   | HP: 2/111 [eight-headed hydra (3)]
 15264 | Lair:4   | Slain by an eight-headed hydra

Vault maps used:
D:1:      tarquinn_simple_flora_water_b, roderic_roman_lattice
D:2:      kennysheep_jessica_study
D:3:      kennysheep_slug_shrine, first_bread
D:4:      minmay_temple_entry_statues_fountains, serial_shops, shop,
          serial_bayou_ford_a, uniq_grinder
D:6:      grunt_temple_overflow_open, enter_ossuary_3, minmay_small_thing
D:7:      led_sif_pool, kennysheep_generic_room_12
D:8:      lair_entry_dummy
D:9:      basic_altar, minivault_25, blue_anna_alchemist
D:10:     special_room, uniq_erica
Temple:   regret_index_temple_mists
Lair:1:   lemuel_oklob_altar, infiniplex_staircase_pool
Lair:2:   minmay_shoals_entry_lonely_mermaid
Lair:3:   grunt_megastairs_2, uniq_nergalle
Lair:4:   spider_nest_entry_webs, portal_ice_cave_entry_imps, uniq_harold,
          uniq_kirke
Ossuary:  ossuary_tomb_3
IceCv:    ice_cave_statue_garden_teleport

Skill      XL: |  1  2  3  4  5  6  7  8  9 10 11 12 |
---------------+-------------------------------------+-----
Fighting       | 1 2 3 4 6 7 8 |  8.1
Necromancy     | 5 6 7 8 10 11 13 14 | 14.4
Shields        | 2 4 |  4.0
Spellcasting   | 2 5 6 |  6.0
Evocations     | 5 7 |  7.0
Armour         | 4 8 |  8.5
Dodging        | |  1.5
Stealth        | |  1.5

Action                   |  1- 3 |  4- 6 |  7- 9 | 10-12 || total
-------------------------+-------+-------+-------+-------++-------
Melee: Unarmed           |    35 |       |       |       ||    35
       Club              |    50 |    20 |       |       ||    70
       Hand axe          |       |    42 |    22 |       ||    64
       Dagger            |       |    15 |       |       ||    15
       Long sword        |       |       |   155 |   317 ||   472
 Cast: Pain              |    74 |    43 |    39 |    39 ||   195
       Animate Skeleton  |    10 |    12 |    23 |    48 ||    93
       Vampiric Draining |       |     5 |    22 |    66 ||    93
       Regeneration      |       |       |     1 |    10 ||    11
       Agony             |       |       |       |    34 ||    34
       Control Undead    |       |       |       |     1 ||     1
       Animate Dead      |       |       |       |    14 ||    14
Invok: Receive Corpses   |       |       |       |    10 ||    10
Evoke: Wand              |       |     4 |     7 |     5 ||    16
       Box of beasts     |       |       |       |     1 ||     1
  Use: Potion            |       |     3 |     2 |     6 ||    11
       Scroll            |       |     1 |    12 |    15 ||    28
 Stab: Sleeping          |     1 |       |     1 |     1 ||     3
       Distracted        |     2 |     1 |       |     2 ||     5
  Eat: Chunk             |     6 |     8 |    12 |    24 ||    50
       Bread ration      |       |       |     1 |     4 ||     5
Armor: Robe              |    18 |       |       |       ||    18
       Leather armour    |     7 |    32 |    21 |    52 ||   112
       Ring mail         |       |       |       |   104 ||   104
Dodge: Dodged            |    92 |    63 |   133 |   321 ||   609
Block: Buckler           |       |       |    59 |   179 ||   238
       Rpst.: Long sword |       |       |    35 |    88 ||   123
